 Dungeon Crawl Stone Soup version 0.31.0-12-g77e489cdc1 (webtiles) character file.

Game seed: 5851460153929746862

2900 Gadfly the Covered (level 9, -16/73 HPs)
             Began as an Armataur Fighter on Feb 28, 2024.
             Was a Follower of the Shining One.
             Demolished by a two-headed ogre
             ... wielding a +0 giant club
              (23 damage)
             ... on level 7 of the Dungeon.
             The game lasted 00:10:05 (6756 turns).

Gadfly the Covered (Armataur Fighter)               Turns: 6756, Time: 00:10:06

Health: -16/73     AC: 17    Str: 24    XL:     9   Next: 49%
Magic:  13/13      EV:  6    Int:  8    God:    the Shining One [*.....]
Gold:   292        SH:  5    Dex: 12    Spells: 8/8 levels left

rFire   . . .        a - +3 flail (protect)
rCold   . . .        c - +0 buckler
rNeg    + . .        i - +0 chain mail
rPois   .            f - +1 hat
rElec   .            (no cloak)
rCorr   .            (no gloves)
SInv    +            (no barding)
Will    .....        (no amulet) Stlth
                     e - ring of see invisible
HPRegen 0.32/turn    m - ring of positive energy
MPRegen 0.13/turn

%: roll
@: under a protective aura, glowing
A: large, deformed body, tough skin 3, armoured tail, roll 2
a: Renounce Religion, Divine Shield


You were on level 7 of the Dungeon.
You worshipped the Shining One.
The Shining One was aware of your devotion.
You visited 2 branches of the dungeon, and saw 9 of its levels.

You collected 292 gold pieces.

Inventory:

Hand Weapons
 a - a +3 flail of protection (weapon)
 v - a +0 morningstar
 w - a +4 war axe of freezing
Armour
 c - a +0 buckler (worn)
 f - a +1 hat (worn)
 i - a +0 chain mail (worn)
 t - the +0 toga "Victory" {*Victory Clar}
   (You found it on level 5 of the Dungeon)

   *Victory:  When the wearer kills a threatening monster, it has a chance to
   gain +1 AC, +1 Slay, and +1 Int, capping at +7.
   When the wearer uses a scroll or a potion with a hostile monster in sight,
   its bonuses reset to +0.
   Unequipping it also resets its bonuses to +0.
   Clar:      It protects you from confusion, rage, mesmerisation and fear.
Jewellery
 e - a ring of see invisible (left hand)
 j - a ring of ice
 m - a ring of positive energy (right hand)
Wands
 p - a wand of mindburst (7) (quivered)
Scrolls
 l - a scroll of enchant weapon
 n - 2 scrolls of identify
 o - a scroll of teleportation
 r - a scroll of fog
 u - a scroll of revelation
Potions
 b - a potion of lignification
 d - 3 potions of might
 g - 2 potions of attraction
 h - 5 potions of curing
 k - a potion of cancellation
 q - 3 potions of mutation
 s - a potion of haste


   Skills:
 + Level 4.9 Fighting
 * Level 5.9 Maces & Flails
 + Level 6.3 Armour
 + Level 5.8 Shields
 * Level 6.0 Invocations
 * Level 6.0 Evocations


You had 8 spell levels left.
You didn't know any spells.
Your spell library contained the following spells:

 Spells                   Type           Power      Damage    Failure   Level
 Sting                    Conj/Alch      0%         1d3       95%         1
 Mercury Vapours          Alch/Air       0%         N/A       98%         2
 Brom's Barrelling Bould  Conj/Erth      0%         2d3       100%        4
 Olgreb's Toxic Radiance  Alch           0%         N/A       100%        4
 Fireball                 Conj/Fire      0%         3d3       100%        5
 Iskenderun's Battlesphe  Conj           0%         2d6       100%        5
 Conjure Ball Lightning   Conj/Air       0%         3x3d6     100%        6
 Orb of Destruction       Conj           0%         9d5       100%        7


Dungeon Overview and Level Annotations

Branches:
Dungeon (8/15)             Temple (1/1) D:5
   Lair: D:8-11

Altars:
Ashenzari
Cheibriados
Dithmenos
Elyvilon
Fedhas
Gozag
Hepliaklqana
Kikubaaqudgha
Makhleb
Nemelex Xobeh
Okawaru
Qazlal
Ru
Sif Muna
Trog
Uskayaw
Vehumet
Xom
Yredelemnul
Zin
The Shining One


Innate Abilities, Weirdness & Mutations

Armour fits poorly on your strangely shaped body.
You have extremely tough skin. (AC +3)
You have a long armoured tail.
You regenerate magic and health when rolling toward enemies. (Rampage Regen)


Message History

A two-headed ogre is nearby!
A two-headed ogre is nearby!
A two-headed ogre is nearby!
Found 6 stones.
A two-headed ogre comes into view.
It is wielding a +0 giant club and a +0 giant spiked club.
You hit the two-headed ogre.
Your weapon exudes an aura of protection.
You tail-slap the two-headed ogre, but do no damage.
The two-headed ogre is lightly wounded.
The two-headed ogre hits you with a +0 giant club.
The two-headed ogre closely misses you.
You hit the two-headed ogre but do no damage.
The two-headed ogre is lightly wounded.
You sock the two-headed ogre!
The two-headed ogre is moderately wounded.
The two-headed ogre barely misses you.
The two-headed ogre hits you with a +0 giant club.
You sock the two-headed ogre!
The two-headed ogre is moderately wounded.
The two-headed ogre hits you with a +0 giant club!!
The two-headed ogre hits you with a +0 giant club!
Unknown command.
There is a stone staircase leading up here.
The two-headed ogre barely misses you.
The two-headed ogre hits you with a +0 giant spiked club.
You climb upwards.
There is a stone staircase leading down here.
Okay, then.
You hit the two-headed ogre but do no damage.
The two-headed ogre hits you but does no damage. x2
You completely miss the two-headed ogre.
You barely miss the two-headed ogre. You block the two-headed ogre's attack.
The two-headed ogre hits you with a +0 giant spiked club!!
* * * LOW HITPOINT WARNING * * *
You hit the two-headed ogre.
The two-headed ogre is lightly wounded.
The two-headed ogre hits you with a +0 giant club!
* * * LOW HITPOINT WARNING * * *
The two-headed ogre hits you with a +0 giant spiked club!!
You die...

.........# ##.#.##.#.#.
.####.)..# ##.#.##.#.#)# .#
##...## ##.#.##.#.##.. ##
#....### ##.#.##.#.##[.#
#########...#######.#.##.#.##.)#.
()..............(....##.#.##.#[.#
#############..##...##.#.##.#..##
##.O.####.#.##.#.!##.
##...@...##.#.##.#.#.#
##..#...#####.#.##.#.#.
###..##.....####.#.##.#.#
##...##.......#.##.#.##.## ###
###..####^####..##.##.#.###.
..####...####..# #.....###.#.#.#
P.##...##.....#####....## ##.#.#.
.....###..#######......## ##.#.#
..#####..#######..#.#...# ##.##


You could see a two-headed ogre.

Vanquished Creatures
  A hornet (D:7)
  A water moccasin (D:6)
  A black bear (D:5)
  An ice beast (D:5)
  A centaur (D:5)
  3 ogres
  4 phantoms
  2 kobold brigands
  4 bullfrogs
  5 scorpions
  6 wights (D:7)
  7 hounds
  2 orc priests
  A gnoll bouda (D:5)
  A jelly (D:6)
  Ijyb (D:5)
  3 iguanas
  4 orc wizards
  7 adders
  3 gnolls (D:5)
  A shadow imp (D:7)
  2 ufetubi (D:5)
  6 dart slugs
  4 ribbon worms
  17 orcs
  9 bats
  4 endoplasms
  2 giant cockroaches
  7 goblins
  12 hobgoblins
  7 jackals (D:2)
  17 kobolds
  2 quokkas (D:2)
  8 ball pythons
  6 frilled lizards
  9 rats
171 creatures vanquished.

Notes
Turn   | Place    | Note
-------+----------+-------------------------------------------
     0 | D:1      | Gadfly the Armataur Fighter began the quest for the Orb.
     0 | D:1      | Reached XP level 1. HP: 18/18 MP: 1/1
    75 | D:1      | Reached XP level 2. HP: 25/25 MP: 2/2
   374 | D:1      | Reached skill level 1 in Invocations
   374 | D:1      | Reached skill level 1 in Evocations
   374 | D:1      | Reached XP level 3. HP: 29/30 MP: 3/3
  1012 | D:2      | Reached XP level 4. HP: 30/38 MP: 3/5
  2214 | D:3      | Reached XP level 5. HP: 45/45 MP: 6/6
  2371 | D:4      | Noticed a phantom
  2388 | D:4      | Killed a phantom
  2525 | D:4      | Reached XP level 6. HP: 12/51 MP: 7/7
  3460 | D:5      | Entered Level 5 of the Dungeon
  3512 | D:5      | Gained mutation: You regenerate magic and health when
                  | rolling toward enemies. (Rampage Regen) [Armataur growth]
  3512 | D:5      | Reached XP level 7. HP: 38/57 MP: 9/9
  3737 | D:5      | Found a white marble altar of Elyvilon.
  3737 | D:5      | Found a faded altar of an unknown god.
  3745 | D:5      | Found a radiant altar of Vehumet.
  3748 | D:5      | Became a worshipper of Elyvilon the Healer
  3752 | D:5      | Found a basalt altar of Yredelemnul.
  3753 | D:5      | Found a shadowy altar of Dithmenos.
  3861 | D:5      | Found a staircase to the Ecumenical Temple.
  3879 | Temple   | Entered the Ecumenical Temple
  3918 | Temple   | Fell from the grace of Elyvilon
  3918 | Temple   | Became a worshipper of the Shining One
  3969 | D:5      | Noticed Ijyb
  3980 | D:5      | Killed Ijyb
  4166 | D:5      | Found an iron altar of Okawaru.
  4166 | D:5      | Found a runed translucent door.
  4254 | D:5      | Found the +0 toga "Victory" {*Victory Clar}
  4517 | D:5      | Reached skill level 5 in Armour
  4532 | D:5      | Reached XP level 8. HP: 18/66 MP: 11/11
  5025 | D:6      | Reached skill level 5 in Shields
  5275 | D:6      | Reached skill level 5 in Maces & Flails
  5275 | D:6      | Reached skill level 5 in Invocations
  5275 | D:6      | Reached skill level 5 in Evocations
  5330 | D:6      | Found a stormy altar of Qazlal.
  5712 | D:7      | Reached XP level 9. HP: 71/72 MP: 12/12
  5810 | D:7      | Noticed a +0 short sword
  5810 | D:7      | Noticed a +0 falchion
  5810 | D:7      | Noticed a +0 spear
  5811 | D:7      | Noticed a +0 dagger
  5811 | D:7      | Noticed a +0 dagger
  5811 | D:7      | Noticed a +0 short sword
  5811 | D:7      | Noticed a +0 falchion
  5817 | D:7      | Noticed a +0 spear
  5817 | D:7      | Reached * piety under the Shining One
  5906 | D:7      | Paralysed by a hornet for 3 turns
  6635 | D:7      | Found a hide-covered altar of Uskayaw.
  6744 | D:8      | Noticed a two-headed ogre
  6745 | D:8      | Noticed a two-headed ogre
  6756 | D:7      | Demolished by a two-headed ogre

Illustrated notes

Levels and vault maps discovered:
D:1:      giann_bridges, layout_basic
D:2:      layout_rooms, amcnicky_mini_pool_small
D:3:      layout_loops_ring, lexackson_kobold_supper
D:4:      layout_loops_corners, grunt_ministairs_6, minmay_crossroads
D:5:      layout_loops_ring, nicolae_overflow_guarded_unrand_okawaru_victory,
          chequers_temple_overflow_minitemple, temple_fountains, uniq_ijyb
D:6:      kennysheep_spiral_hall, layout_rooms,
          nicolae_qazlal_scattered_showers, dreamdust_mushroom_princess
D:7:      minmay_inner_zag, layout_rooms, nicolae_uskayaw_en_pointe,
          serial_bayou_pond_d
D:8:      layout_basic, hellmonk_ghost_big_iron, minmay_misc_feat_chi,
          glass_columns_c
Temple:   minmay_temple_curvy_branch

Skill      XL: |  1  2  3  4  5  6  7  8  9 |
---------------+----------------------------+-----
Maces & Flails | 2 3 4 5 |  5.9
Invocations    | 1 2 3 4 5 6 |  6.0
Evocations     | 1 2 3 4 5 6 |  6.0
Fighting       | 3 4 |  4.9
Armour         | 4 5 6 |  6.3
Shields        | 4 5 |  5.8

Action                     |  1- 3 |  4- 6 |  7- 9 || total
---------------------------+-------+-------+-------++-------
  Melee: Flail             |   136 |   203 |   240 ||   579
         Tailslap          |    18 |    16 |    43 ||    77
  Evoke: Wand              |       |       |     4 ||     4
    Use: Scroll            |     3 |     8 |     5 ||    16
         Potion            |     1 |       |     2 ||     3
 Armour: Scale mail        |    54 |       |       ||    54
         Chain mail        |    61 |   203 |   202 ||   466
         Robe              |       |       |    34 ||    34
  Dodge: Dodged            |    34 |    61 |    68 ||   163
  Block: Buckler           |    26 |    38 |    51 ||   115
